Cogmind - Beta 11 X8 @@@ ROGUE MODE // 2021.11.29 @ 01:36:15 Player: Runia Result: Destroyed by G-34 Mercenary with Small Laser Performance ------------- Evolutions (0) 0 Regions Visited (1) 200 Robots Destroyed (10) 50 Value Destroyed (204) 204 Prototype IDs (0) 0 Alien Tech Used (0) 0 Bonus (0) 0 TOTAL SCORE: 454 Bonus ------- None Cogmind --------- Core Integrity 0/250 Matter 300/300 Energy 100/100 System Corruption 0% Temperature Cool (12) Movement Core (350) Ox6 Location -10/Materials Parts ------- > --- POWER (1) -------- (None) > --- PROPULSION (2) --- (None) > --- UTILITY (2) ------ Heat Sink Large Storage Unit > --- WEAPON (2) ------- (None) > --- INVENTORY (15) --- Light Ion Engine Light Armor Plating Peak State ------------ > --- POWER ------------ Light Nuclear Core > --- PROPULSION ------- Light Treads Light Treads > --- UTILITY ---------- Heat Sink Large Storage Unit > --- WEAPON ----------- EM Pulse Gun Medium Laser > --- INVENTORY -------- Light Ion Engine [Rating: 9] Favorites ----------- Power Light Ion Engine Engine Light Ion Engine Power Core Light Nuclear Core Propulsion Light Treads Treads Light Treads Leg Aluminum Leg Utility Large Storage Unit Device Heat Sink Storage Large Storage Unit Weapon EM Pulse Gun Energy Gun EM Pulse Gun Build | -11 -10 ------- Run | Scr Mat Slots Evolved . | . . Power . | . . Propulsion . | . . Utility . | . . Weapon . | . . Parts Attached 8 | 3 5 Power 1 | . 1 Engine . | . . Core 1 | . 1 Reactor . | . . Propulsion 2 | 2 . Treads 2 | 2 . Leg . | . . Wheel . | . . Hover . | . . Flight . | . . Utility 2 | . 2 Device 1 | . 1 Storage 1 | . 1 Processor . | . . Hackware . | . . Protection . | . . Artifact . | . . Weapon 3 | 1 2 Energy Gun 3 | 1 2 Energy Cannon . | . . Ballistic Gun . | . . Ballistic Cannon . | . . Launcher . | . . Special Weapon . | . . Impact Weapon . | . . Slashing Weapon . | . . Piercing Weapon . | . . Special Melee Weapon . | . . Unidentified Prototypes . | . . Parts Lost 7 | . 7 Power 2 | . 2 Propulsion 2 | . 2 Utility . | . . Weapon 3 | . 3 Highest Loss Streak 5 | . 5 Average Slot Usage (%) 84 | . 84 Engine 7 | . 7 Core 6 | . 6 Treads 26 | . 26 Device 6 | . 6 Storage 14 | . 14 Energy Gun 23 | . 23 Naked Turns . | . . Heaviest Build 32 | 12 32 Greatest Support 40 | 40 40 Greatest Overweight (x) . | . . Average Overweight (x) . | . . Largest Inventory Capacity 15 | 8 15 Average Capacity 12 | 8 12 Most Carried 6 | 6 2 Average Carried 1 | 2 1 Final Capacity 15 | 8 15 Final Carried 2 | 2 2 Class Distribution -------------------- 100% | Mutant Dominant Class ---------------- Mutant | -10/Materials Resources | -11 -10 ----------- Run | Scr Mat Matter Collected 238 | 200 38 Remotely . | . . Salvage Created 357 | 75 282 Parts 14 | 4 10 Haulers Intercepted 1 | . 1 Recyclers Shooed 1 | 1 . Parts Field Recycled . | . . Retrieved Matter . | . . Parts Self-Destructed . | . . Prevented . | . . Kills | -11 -10 ------- Run | Scr Mat Combat Hostiles Destroyed 7 | . 7 Melee 1 | . 1 Guns 6 | . 6 Classes Destroyed 5 | 2 3 Tunneler 1 | 1 . Hauler 1 | . 1 Recycler 1 | 1 . Swarmer 3 | . 3 Grunt 4 | . 4 Best Kill Streak 3 | 2 3 Combat Bots Only 3 | . 3 Max Kills in Single Turn 2 | 2 1 Gunslinging . | . . Exploded . | . . Melee 1 | . 1 Uniques/NPCs Destroyed . | . . Combat | -11 -10 -------- Run | Scr Mat Damage Taken 924 | 32 892 Core 255 | . 255 Absorbed by Shields . | . . Core Remaining (%) 100 | 100 . Volleys Fired 30 | 2 28 Largest 2 | 2 2 Hottest 90 | 90 90 Shots Fired 47 | 4 43 Gun 47 | 4 43 Cannon . | . . Launcher . | . . Special . | . . Kinetic . | . . Thermal 22 | 2 20 Explosive . | . . Electromagnetic 25 | 2 23 Robot Hit Streak 9 | 4 9 Robot Miss Streak 4 | . 4 Penetration Max . | . . Secondary Targets . | . . Shots Hit Robots 33 | 4 29 Core Hits 16 | 3 13 Critical Kills . | . . Critical Parts Destroyed . | . . Critical Strikes 5 | . 5 Burn 4 | . 4 Corrupt 1 | . 1 Melee Attacks . | . . Impact . | . . Slashing . | . . Piercing . | . . Sneak Attacks . | . . Combat Hostiles . | . . Follow-up Attacks . | . . Damage Inflicted 536 | 128 408 Guns 428 | 50 378 Cannons . | . . Explosions 78 | 78 . Melee . | . . Ramming 30 | . 30 Kinetic . | . . Thermal 306 | 103 203 Explosive . | . . Electromagnetic 200 | 25 175 Impact . | . . Slashing . | . . Piercing . | . . Highest Corruption . | . . Average Corruption . | . . Corruption Purged . | . . Overload Shots . | . . Overflow Damage . | . . Projectiles . | . . Explosions . | . . Melee . | . . Knockbacks . | . . Impact . | . . Kinetic . | . . Secondary . | . . Self-Inflicted Damage 32 | 32 . Shots 1 | 1 . Rammed 11 | . 11 Targets Rammed 12 | . 12 Kicked . | . . Crushed 1 | . 1 Highest Temperature 281 | 72 281 Average Temperature 88 | 38 94 Received Heat Transfer 336 | . 336 Effects 1 | . 1 Interference 1 | . 1 Siege Activations . | . . Robots Corrupted . | . . Combat Hostiles . | . . Parts Fried 1 | . 1 Impact Corruptions . | . . Robots Melted . | . . Combat Hostiles . | . . Parts Melted 3 | . 3 Heat Transferred 1012 | 124 888 Parts Sabotaged . | . . Parts Stolen . | . . Parts Stripped . | . . Power Chain Reactions 1 | 1 . Missiles Intercepted . | . . Alert | -11 -10 ------- Run | Scr Mat Peak Influence 216 | 10 216 Initial 6 | . 6 Average 114 | 5 118 Maximum Alert Level 1 | . 1 Low Security (%) 74 | 100 73 Level 1 25 | . 26 Level 2 . | . . Level 3 . | . . Level 4 . | . . Level 5 . | . . High Security . | . . Max Security . | . . Squads Dispatched 2 | . 2 Investigation 2 | . 2 Extermination . | . . Reinforcement . | . . Assault . | . . Garrison . | . . Intercept . | . . Construction Impeded . | . . Haulers Reinforced . | . . Active Scanning Responses . | . . Cargo Convoy Interrupts . | . . Stealth | -11 -10 --------- Run | Scr Mat Distress Signals 1 | . 1 Communications Jammed . | . . Distress Signals . | . . Times Spotted 19 | . 19 Peak Tracking Total 7 | . 7 Tactical Retreats 2 | . 2 Traps | -11 -10 ------- Run | Scr Mat Traps Triggered 1 | . 1 Indirectly . | . . Trap Hack Attempts . | . . Triggered . | . . Disarmed . | . . Reprogrammed . | . . Reused . | . . Traps Extracted . | . . Installed . | . . Triggered . | . . Machines | -11 -10 ---------- Run | Scr Mat Machines Disabled 1 | . 1 Max in Single Turn 1 | . 1 Machines Sabotaged . | . . Garrisons Compromised . | . . Overloaded Fab Kills . | . . Hacking | -11 -10 --------- Run | Scr Mat Machines Accessed 2 | . 2 Terminals 1 | . 1 Fabricators . | . . Repair Stations . | . . Recycling Units 1 | . 1 Scanalyzers . | . . Garrison Access . | . . Total Hacks 5 | . 5 Successful 4 | . 4 Failed 1 | . 1 Catastrophic . | . . Database Lockouts . | . . Manual 3 | . 3 Terminals 2 | . 2 Fabricators . | . . Repair Stations . | . . Recycling Units 3 | . 3 Scanalyzers . | . . Garrison Access . | . . Terminal Hacks 2 | . 2 Terminal Index 1 | . 1 Zone Layout 1 | . 1 Fabricator Hacks . | . . Repair Station Hacks . | . . Recycling Unit Hacks 1 | . 1 Report Inventory 1 | . 1 Scanalyzer . | . . Garrison Access Hacks . | . . Unauthorized Hacks 1 | . 1 Terminals . | . . Fabricators . | . . Repair Stations . | . . Recycling Units 1 | . 1 Tunnel 1 | . 1 Scanalyzers . | . . Garrison Access . | . . Data Cores Recovered . | . . Used . | . . Hacking Detections 1 | . 1 Full Trace Events . | . . Feedback Events . | . . Feedback Blocked . | . . Robot Schematics Acquired . | . . Robots Built . | . . Authchips . | . . Time . | . . Total Robot Build Rating . | . . Part Schematics Acquired . | . . Parts Built . | . . Authchips . | . . Time . | . . Total Part Build Rating . | . . Parts Repaired . | . . Time . | . . Parts Recycled . | . . Recycled Matter . | . . Retrieved Matter . | . . Retrieved Components . | . . Parts Scanalyzed . | . . Part Schematics Acquired . | . . Parts Damaged . | . . Bothacking | -11 -10 ------------ Run | Scr Mat Used RIF Installer . | . . Robots Hacked . | . . Non-combat . | . . Combat . | . . Robot Hacks Applied . | . . Relay Couplers Released . | . . Fabnet Peak Effective % . | . . Robots Rewired . | . . Allies Hacked . | . . Hacks Repelled . | . . Allies | -11 -10 -------- Run | Scr Mat Total Allies . | . . Largest Group . | . . Highest-Rated Group . | . . Highest-Rated Ally . | . . Total Orders . | . . Ally Attacks . | . . Total Damage . | . . Kills . | . . Allies Corrupted . | . . Allies Melted . | . . Intel | -11 -10 ------- Run | Scr Mat Robot Analysis Total . | . . Derelict Logs Recovered . | . . Drone Launches . | . . Drone Recoveries . | . . Exploration | -11 -10 ------------- Run | Scr Mat Turns Passed 513 | 17 496 Spaces Moved 226 | 3 223 Core . | . . Treads 226 | 3 223 Legs . | . . Wheels . | . . Hover . | . . Flight . | . . Fastest Speed 160 | 160 160 Average Speed 160 | 160 160 Slowest Speed 160 | 160 160 Overloaded Moves . | . . Propulsion Burnouts . | . . Robots Hopped . | . . Cave-ins Triggered . | . . Exploration Rate (%) 18 | 2 35 Regions Visited 1 Branch Regions . Pre-discovered Areas 1 | . 1 Known Exits Taken . | . . Unknown Exits Taken 1 | 1 . Scrap Searched . | . . Spaces Dug . | . . Terrain Destroyed . | . . Melee . | . . Projectile . | . . AOE . | . . Terrain Rammed . | . . Walls Destroyed . | . . Machines Disabled . | . . Actions | -11 -10 --------- Run | Scr Mat Total 324 | 13 311 Wait 40 | . 40 Move 225 | 2 223 Hop . | . . Pick Up 2 | 1 1 Fast Attach 4 | . 4 Attach 3 | 2 1 Detach . | . . Swap 1 | 1 . Drop 7 | 5 2 Fire 30 | 2 28 Melee . | . . Ram . | . . Kick . | . . Crush 12 | . 12 Escape Stasis . | . . Rewire . | . . Trap . | . . Miscellaneous . | . . Route ------- -11/Scrapyard -10/Materials (discovered 1 exit: [*Min]) History --------- Turn | Location | Event 12 | -11/Scrapyard | Discovered new exit (range 3) 18 | -11/Scrapyard | Entered Materials 79 | -10/Materials | Discovered new exit (range 15) 318 | -10/Materials | Build established: Mutant 501 | -10/Materials | Core integrity fell below 50% 511 | -10/Materials | Core integrity fell below 20% 514 | -10/Materials | Destroyed by G-34 Mercenary with Small Laser Last Messages --------------- 00297_ Acquired Heat Sink. 00358_ Dropped EM Pulse Gun. 00362_ A-02 Transporter suffers critical hit (Burn). 00368_ A-02 Transporter heat short circuits Lgt. Treads. 00385_ Triggered Alarm Trap. 00385_ An alarm sounds. 00385_ ALERT: Alarm triggered, dispatching investigation squad. 00387_ A-02 Transporter suffers critical hit (Burn). 00420_ Transport Network Coupler melted. 00420_ A-02 Transporter destroyed. 00424_ K-01 Serf collects debris. 00428_ Acquired Lgt. Armor Plating. 00431_ K-01 Serf collects debris. 00468_ Slammed into G-34 Mercenary. 00484_ Acquired EM Pulse Gun. 00484_ EM Pulse Gun destroyed. 00490_ Lgt. Treads destroyed. 00500_ Med. Laser destroyed. 00500_ Lgt. Nuclear Core destroyed. 00504_ S-10 Pest destroyed. Map ----- +----------------------------------------------------+ | " #???????????????????????????????????????? | | " #???????????????????????????????????????? | | " #???????????????????????????????????????? | | #???????????????????????????????????????? | | ????########????????????????????????????? | | #+####### #????????????????????????????? | | #| """ #????????????????????????????? | | #+##+## # """ #????????????????????????????? | | ## # """ #######??????????????????????? | | """ ## # # #??????????????????????? | | """ ## #! """ # * #??????????????????????? | | """^ ## # """ + #??????????????????????? | | """ ## # """ # #??????????????????????? | | ## # # #??????????????????????? | | ##+#### #| """ ## ##??????????????????????? | | |% # """ ## #???????????????????????? | | ! + """ ## #???????????????????????? | | # ## #???????????????????????? | | # ### ######### #???????????????????????? | | # #?# #???????# #???????????????????????? | | #/###% ######### #######+########## ?????? | | + ????? | | # % g ????? | | " # ????? | | """ # #################g##### #???????? | | """ # #????????????# @ #?????????????? | | """ # #??#?????????# #?????????????? | | "" + #??#?????????# #?????????????? | | # #??#?????????# #?????????????? | | ##### ####?????????# =%[ #?????????????? | | ???# "#?????????# s #?????????????? | | ???# ""#?????????# s #?????????????? | | ???# #?????????# #?????????????? | | ???# < ""#?????????# #?????????????? | | ???# | #?????????#####/####?????????????? | | #### ""#??????????????g#????????????????? | | # "#?????????????? #????????????????? | | ## ####?????????????? ????????????????? | | ?????????????????????????? ????????????????? | | ?????????????????????????? ????????????????? | | ??????????????????????????!!????????????????? | | ??????????????????????????!!????????????????? | | ???????????????????????????!????????????????? | | ????????????????????????????????????????????? | | ????????????????????????????????????????????? | | ????????????????????????????????????????????? | | ????????????????????????????????????????????? | | ????????????????????????????????????????????? | | ????????????????????????????????????????????? | | ????????????????????????????????????????????? | +----------------------------------------------------+ Best States ------------- Heat Dissipation 35 Energy Generation 14 Energy Capacity 160 Matter Stores 300 Matter Capacity 300 Sight Range 16 Terrain Scan Density 10 Evasion (%) 40 Recoil Reduction 2 Item Schematics ----------------- None Robot Schematics ------------------ None Fabricated ------------ Nothing Alien Tech Used ----------------- None Achievements -------------- None Challenges ------------ None Game ------ Seed SuspensionAlphaRedirector Manual? 0 Play Time 00:06:08 Cumulative 521.5 hours Start 2021.11.29 @ 01:32:38 End 2021.11.29 @ 01:36:15 Sessions 1 Manual Loads 0 Difficulty Rogue Special Mode None Game No. 509 Rogue 509 Adventurer 0 Explorer 0 Win Type - Total 14 Types 9/1/3/1/0/0/0/0/0 Lore% 86 Gallery% 94 Achievement% 74 Wizard Run 0 Options --------- ASCII 0 Keyboard 0 Movement Mouse Keybinds 1 Fullscreen 2 Font 24/Smallcaps Map View 76x50 Tactical HUD 1 Map Filters NONE Filters NONE Steam 1 RUN: ad14c362-4b87-48da-8bb7-e6da72738b22